 Dungeon Crawl Stone Soup version 0.28.0-53-g5a82cb258f (webtiles) character file.

Game seed: 9444795161309285857

569124 quixfox the Invulnerable (level 25, -11/257 HPs)
             Began as a Minotaur Fighter on July 12, 2022.
             Was the Champion of Okawaru.
             Mangled by a Killer Klown
             ... wielding a +12 club of freezing
              (30 damage)
             ... on level 5 of the Realm of Zot on July 13, 2022.
             The game lasted 04:55:32 (82509 turns).

quixfox the Invulnerable (Minotaur Fighter)        Turns: 82509, Time: 04:55:34

Health: -11/257    AC:  0    Str: 27 (29) XL:     25   Next: 58%
Magic:  0/28       EV: 20    Int: -4 (0)  God:    Okawaru [******]
Gold:   6644       SH:  0    Dex: 10 (12) Spells: 24/24 levels left

rFire   x . .      SeeInvis .   (weapon currently unavailable)
rCold   . . .      Faith    .   (shield currently unavailable)
rNeg    + + .      Spirit   +   (armour currently unavailable)
rPois   .          Reflect  .   (helmet currently unavailable)
rElec   .          Harm     .   (cloak currently unavailable)
rCorr   .          Rampage  .   (gloves currently unavailable)
Will    +....                   (boots currently unavailable)
Stlth   +++++.....              P - amulet "Caudomag" {Spirit rN++ Int-5 Slay+5}
HPRegen 0.52/turn               (ring currently unavailable)
MPRegen 0.21/turn               (ring currently unavailable)

@: pig-form, fire vulnerable, slowed, lost intelligence, studying Poison Magic,
unable to read
A: fast, no casting, small, (horns 2), (retaliatory headbutt), clumsy 1, (cold
resistance 1), deterioration 2, subdued magic 1, MP-powered wands
}: 3/15 runes: barnacled, silver, gossamer
a: Renounce Religion, Heroism, Finesse, Duel


You were on level 5 of the Realm of Zot.
You worshipped Okawaru.
Okawaru was exalted by your worship.
You were a filthy swine.
You visited 11 branches of the dungeon, and saw 52 of its levels.
You visited 1 bazaar.
You also visited: Gauntlet, Ice Cave and Desolation.

You collected 10209 gold pieces.
You spent 3565 gold pieces at shops.

Inventory:

Hand Weapons
 a - the +10 war axe of Seydwemp (melded) {protect, Str+3 Dex+4}
   (You found it on level 5 of the Vaults)

   It grants its wielder temporary protection when it strikes (+7 to AC).
   Str:       It affects your strength (+3).
   Dex:       It affects your dexterity (+4).
 b - a +6 sacred scourge of holy wrath
 F - a +7 broad axe of freezing
Missiles
 r - 29 boomerangs (quivered)
 L - 28 javelins
Armour
 c - a +2 kite shield of reflection
 i - +10 pearl dragon scales (melded)
 t - the +4 hat of the Eternal Void (melded) {+Inv rN++ rCorr Str-5}
   (You acquired it on level 13 of the Dungeon)

   Str:       It affects your strength (-5).
   rN:        It greatly protects you from negative energy.
   +Inv:      It lets you turn invisible.
   rCorr:     It protects you from acid and corrosion.
 v - the +2 shield of Resistance (melded) {rF++ rC++ Will++}
   (You found it on level 5 of the Vaults)

   rF:        It greatly protects you from fire.
   rC:        It greatly protects you from cold.
   Will:      It greatly increases your willpower.
 A - the +6 crystal plate armour of the Monkey's Uncle {Regen+}
   (Okawaru gifted it to you on level 5 of the Realm of Zot)

   Regen:     It increases your rate of health regeneration.
 B - the +5 pair of boots "Depp" (melded) {rF+}
   (Okawaru gifted it to you on level 1 of the Elven Halls)

   rF:        It protects you from fire.
 E - a +2 pair of gloves of strength (melded)
 W - the +2 cloak of the Alphagorgon (melded) {*Slow rElec Will+++ rCorr}
   (You acquired it on level 15 of the Dungeon)

   rElec:     It insulates you from electricity.
   rCorr:     It protects you from acid and corrosion.
   *Slow:     It may slow you when you take damage.
   Will:      It greatly increases your willpower.
Jewellery
 e - the ring of Shadows (melded) {Umbra +Inv Stlth+}
   (You bought it in a shop in a bazaar)

   [ring of stealth]

   It surrounds you with an aura of shadow, increasing your stealth and reducing
   the accuracy of all others within it.
   +Inv:      It lets you turn invisible.
   Stlth:     It makes you more stealthy.
 l - the ring of Paclat {rPois rCorr Int+3}
   (You found it on level 3 of the Crypt)

   [ring of poison resistance]

   Int:       It affects your intelligence (+3).
   rPois:     It protects you from poison.
   rCorr:     It protects you from acid and corrosion.
 o - the ring "Vylea" (melded) {rF+ rC+ Int+6}
   (You bought it in a shop on level 2 of the Orcish Mines)

   [ring of protection from fire]

   Int:       It affects your intelligence (+6).
   rF:        It protects you from fire.
   rC:        It protects you from cold.
 p - the ring "Ocva" {rF+ rC+ Will+ rCorr}
   (You found it in the Desolation of Salt)

   [ring of protection from cold]

   rF:        It protects you from fire.
   rC:        It protects you from cold.
   rCorr:     It protects you from acid and corrosion.
   Will:      It increases your willpower.
 q - the ring of the Hare {EV+8}
   (You found it on level 2 of the Realm of Zot)

   [ring of evasion]

   EV:        It affects your evasion (+8).
 y - a ring of see invisible
 G - the ring of Descent {+Blink rN+ Int+3}
   (You found it on level 3 of the Crypt)

   [ring of positive energy]

   Int:       It affects your intelligence (+3).
   rN:        It protects you from negative energy.
   +Blink:    It lets you blink.
 H - an amulet of regeneration
 N - the ring of Joix {Will+ AC+4 Int+4}
   (You found it in a Gauntlet)

   [ring of protection]

   AC:        It affects your AC (+4).
   Int:       It affects your intelligence (+4).
   Will:      It increases your willpower.
 P - the amulet "Caudomag" (around neck) {Spirit rN++ Int-5 Slay+5}
   (You took it off a deep elf blademaster on level 3 of the Elven Halls)

   [amulet of guardian spirit]

   It causes incoming damage to be divided between your reserves of health and
   magic.
   Int:       It affects your intelligence (-5).
   Slay:      It affects your accuracy & damage with ranged weapons and melee
   (+5).
   rN:        It greatly protects you from negative energy.
 Q - the ring "Adas Nia" {Will+ Dex+2 Slay+3}
   (You found it on level 2 of the Depths)

   [ring of willpower]

   Dex:       It affects your dexterity (+2).
   Slay:      It affects your accuracy & damage with ranged weapons and melee
   (+3).
   Will:      It increases your willpower.
 U - the ring of Xyprioh {+Blink Fly rF+ Str-4 Dex+6}
   (You found it on level 2 of the Depths)

   [ring of flight]

   Str:       It affects your strength (-4).
   Dex:       It affects your dexterity (+6).
   rF:        It protects you from fire.
   Fly:       It grants you flight.
   +Blink:    It lets you blink.
Wands
 h - a wand of iceblast (45)
 w - a wand of digging (13)
 S - a wand of flame (78)
Scrolls
 m - 4 scrolls of enchant armour
 n - a scroll of blinking
 z - 7 scrolls of magic mapping
 C - 11 scrolls of teleportation
 D - 2 scrolls of silence
 J - 7 scrolls of fog
 R - 3 scrolls of holy word
 Y - 13 scrolls of fear
Potions
 d - 7 potions of might
 f - 16 potions of heal wounds
 g - 17 potions of curing
 k - 9 potions of mutation
 s - 9 potions of lignification
 u - 2 potions of berserk rage
 x - 10 potions of haste
 K - 2 potions of invisibility
 M - 4 potions of resistance
 O - 5 potions of cancellation
 X - 7 potions of ambrosia
 Z - 12 potions of flight


   Skills:
 O Level 27 Fighting
 - Level 24.0 Axes
 O Level 27 Armour
 + Level 14.8 Dodging
 - Level 13.0 Stealth
 - Level 15.5 Shields
 - Level 8.7 Invocations
 + Level 19.2 Evocations


You had 24 spell levels left.
You didn't know any spells.
Your spell library contained the following spells:

 Spells                   Type           Power      Damage    Failure   Level
 Beastly Appendage        Tmut           0%         N/A       54%         1
 Freeze                   Ice            0%         1d3       54%         1
 Magic Dart               Conj           0%         1d3       54%         1
 Pain                     Necr           0%         1d4       54%         1
 Sandblast                Erth           0%         2d4       54%         1
 Shock                    Conj/Air       0%         1d3       54%         1
 Sting                    Tmut/Pois      0%         1d3       54%         1
 Corpse Rot               Necr/Air       0%         N/A       71%         2
 Ensorcelled Hibernation  Hex/Ice        0%         N/A       71%         2
 Passwall                 Tmut/Erth      0%         N/A       71%         2
 Poisonous Vapours        Pois/Air       0%         N/A       71%         2
 Sublimation of Blood     Necr           0%         N/A       71%         2
 Wereblood                Tmut           0%         N/A       71%         2
 Confusing Touch          Hex            0%         N/A       90%         3
 Conjure Flame            Conj/Fire      0%         6-21      90%         3
 Dazzling Flash           Conj/Hex       0%         N/A       90%         3
 Frozen Ramparts          Ice            0%         1d2       90%         3
 Gell's Gravitas          Tloc           0%         N/A       90%         3
 Inner Flame              Hex/Fire       0%         N/A       90%         3
 Lesser Beckoning         Tloc           0%         N/A       90%         3
 Mephitic Cloud           Conj/Pois/Air  0%         N/A       90%         3
 Portal Projectile        Hex/Tloc       0%         N/A       90%         3
 Spider Form              Tmut/Pois      0%         N/A       90%         3
 Stone Arrow              Conj/Erth      0%         3d7       90%         3
 Swiftness                Air            0%         N/A       90%         3
 Teleport Other           Tloc           0%         N/A       90%         3
 Vampiric Draining        Necr           0%         2d6       90%         3
 Airstrike                Air            0%         N/A       100%        4
 Anguish                  Hex/Necr       0%         N/A       100%        4
 Cause Fear               Hex            0%         N/A       100%        4
 Dispel Undead            Necr           0%         3d6       100%        4
 Flame Wave               Conj/Fire      0%         2d4       100%        4
 Fulminant Prism          Conj/Hex       0%         3d6       100%        4
 Hailstorm                Conj/Ice       0%         3d3       100%        4
 Ice Form                 Ice/Tmut       0%         N/A       100%        4
 Iskenderun's Mystic Bla  Conj/Tloc      0%         2d3       100%        4
 Leda's Liquefaction      Hex/Erth       0%         N/A       100%        4
 Olgreb's Toxic Radiance  Pois           0%         N/A       100%        4
 Petrify                  Tmut/Erth      0%         N/A       100%        4
 Sticky Flame             Conj/Fire      0%         2d3       100%        4
 Agony                    Necr           0%         N/A       100%        5
 Alistair's Intoxication  Tmut/Pois      0%         N/A       100%        5
 Borgnjor's Vile Clutch   Necr/Erth      0%         N/A       100%        5
 Excruciating Wounds      Necr           0%         N/A       100%        5
 Lee's Rapid Deconstruct  Erth           0%         3d5*      100%        5
 Metabolic Englaciation   Hex/Ice        0%         N/A       100%        5
 Silence                  Hex/Air        0%         N/A       100%        5
 Yara's Violent Unravell  Hex/Tmut       0%         3d3       100%        5
 Dispersal                Tloc           0%         N/A       100%        6
 Eringya's Noxious Bog    Tmut/Pois      0%         N/A       100%        6
 Statue Form              Tmut/Erth      0%         N/A       100%        6
 Dragon Form              Tmut           0%         N/A       100%        7
 Enfeeble                 Hex            0%         N/A       100%        7
 Ozocubu's Refrigeration  Ice            0%         4d5       100%        7
 Discord                  Hex            0%         N/A       100%        8
 Disjunction              Tloc           0%         N/A       100%        8
 Ignition                 Fire           0%         3d3       100%        8
 Chain Lightning          Conj/Air       0%         N/A       100%        9
 Death's Door             Necr           0%         N/A       100%        9
 Fire Storm               Conj/Fire      0%         5d1       100%        9
 Shatter                  Erth           0%         3d5*      100%        9
 Animate Skeleton         Necr           Unusable   N/A       N/A         1
 Call Imp                 Summ           Unusable   N/A       N/A         2
 Call Canine Familiar     Summ           Unusable   N/A       N/A         3
 Summon Guardian Golem    Hex/Summ       Unusable   N/A       N/A         3
 Tukima's Dance           Hex            Unusable   N/A       N/A         3
 Animate Dead             Necr           Unusable   N/A       N/A         4
 Death Channel            Necr           Unusable   N/A       N/A         6
 Simulacrum               Ice/Necr       Unusable   N/A       N/A         6
 Haunt                    Necr/Summ      Unusable   N/A       N/A         7
 Summon Hydra             Summ           Unusable   N/A       N/A         7

Dungeon Overview and Level Annotations

Branches:
Dungeon (15/15)            Temple (1/1) D:6            Lair (6/6) D:10
 Shoals (4/4) Lair:4       Spider (4/4) Lair:3        Slime (0/5) Lair:6
    Orc (2/2) D:11            Elf (3/3) Orc:2        Vaults (5/5) D:14
  Crypt (3/3) Vaults:3       Tomb (0/3) Crypt:3      Depths (4/4) D:15
    Zot (5/5) Depths:4      IceCv (visited)         Desolation (visited)
Gauntlet (visited)

Altars:
Ashenzari
Cheibriados
Dithmenos
Elyvilon
Fedhas
Gozag
Hepliaklqana
Kikubaaqudgha
Makhleb
Nemelex Xobeh
Okawaru
Qazlal
Ru
Sif Muna
Trog
Uskayaw
Vehumet
Wu Jian
Xom
Yredelemnul
Zin
The Shining One
Beogh
Jiyva

Shops:
D:6 *   D:8 ?   D:11 *   D:12 (   Orc:1 (   Orc:2 =([(   Elf:1 !   Elf:3 !
Zot:5 *   Depths:2 [!   Depths:4 :=:

Portals:
Hell: Depths:1 Depths:2 Depths:3 Depths:4
Abyss: Crypt:2 Depths:2 Depths:3
Pandemonium: Depths:2 Depths:4
Ziggurat: Depths:2

Annotations:
D:10 exclusion: orange crystal statue
D:11 1 runed translucent door, audacious124's ghost, journeyman HuWn
Shoals:2 3 runed translucent doors, Lianjan's ghost, adept MiGl; Tiocfaidh's ghost, journeyman GrFi
Shoals:4 exclusion: 2 oklob plants
Vaults:2 8 runed translucent doors, Niugywni's ghost, veteran MiFi
Crypt:2 2 transporters, Zoalos's ghost, veteran GrEE
Zot:5 exclusion: obsidian statue


Innate Abilities, Weirdness & Mutations

You are a filthy swine.
You move quickly.
Your equipment is almost entirely melded.
You are incapable of wielding weapons or throwing items.
You cannot cast spells.
((You have a pair of horns on your head.))
((You reflexively headbutt those who attack you in melee.))
You are clumsy. (Dex -2)
((Your flesh is cold resistant. (rC+)))
Your body often deteriorates upon taking damage.
Your spells are a little easier to cast, but a little less powerful.
You expend magic power (3 MP) to strengthen your wands.


Message History

The ring "Vylea" {rF+ rC+ Int+6} melds into your body.
The ring of Shadows {Umbra +Inv Stlth+} melds into your body.
The +10 war axe of Seydwemp {protect, Str+3 Dex+4} goes still.
You feel weaker.
You have lost your intelligence.
The Killer Klown blinks!
The Killer Klown skips for a moment.
The Killer Klown pokes you with a +12 club of freezing!!
The Killer Klown freezes you.
The Killer Klown squeezes you with a +12 club of freezing!!
The Killer Klown freezes you.
The Killer Klown pounds you with a +12 club of freezing!!
The Killer Klown freezes you!
The Killer Klown pokes you with a +12 club of freezing!!
The Killer Klown freezes you!
The Killer Klown trip-wires you with a +12 club of freezing!!
Your body deteriorates!
You feel dopey. The Killer Klown freezes you.
You can move again.
The Killer Klown karate-kicks you with a +12 club of freezing!
The Killer Klown freezes you.
You see here a +3 halberd.
The Killer Klown blinks!
You bite the Killer Klown!
The Killer Klown is lightly wounded.
The Killer Klown pies you viciously! The klown pie hits you!
Cherry!
Cherry-coloured flames burn away your fire resistance!
The Killer Klown flogs you with a +12 club of freezing!!!
* * * LOW HITPOINT WARNING * * *
Your body deteriorates!
You feel clumsy. The Killer Klown freezes you!
* * * LOW HITPOINT WARNING * * *
The Killer Klown blinks!
You feel much better.
The Killer Klown squeezes you with a +12 club of freezing!!!
* * * LOW HITPOINT WARNING * * *
The Killer Klown freezes you.
* * * LOW HITPOINT WARNING * * *
The Killer Klown pinches you with a +12 club of freezing!!
You die...

#.######## ****************
..X....# .......# ...#...#
####...# #...##########
#...##...#...######
#....#...#...##⌠..#####
#.......p..)§hp...<...####
#....##########...###....#
#....# ######..##.# ##....#
#####..........#
#.....######...#.###.###..#
###................#§...§#..#
#.§................#§...§#..#
..d................#§.∩.§#..#
.................⌠.#§...§#..#


You could see 2 Killer Klowns.

Vanquished Creatures
  A dread lich (Zot:5)
  5 orbs of fire
  Mennas (Crypt:2)
  A juggernaut (Depths:4)
  3 Killer Klowns
  Bai Suzhen (Vaults:4)
  Saint Roka (Orc:2)
  8 golden dragons
  3 curse toes
  2 bone dragons
  2 electric golems
  The ghost of quixfox the Executioner, an adept MiFi of Okawaru (Depths:2)
  11 tentacled monstrosities
  4 liches
  A deep elf blademaster (Elf:3)
  8 Orb Guardians
  6 titans
  A deep elf master archer (Elf:3)
  2 quicksilver dragons
  7 sphinxes
  11 death cobs
  An ancient champion (Crypt:1)
  Kirke (Lair:6)
  3 tengu reavers
  16 shadow dragons
  8 storm dragons
  3 draconian monks
  14 frost giants
  3 revenants
  3 iron dragons
  4 deep elf sorcerers
  A draconian knight (Zot:4)
  14 fire giants
  Donald (Orc:2)
  2 imperial myrmidons (Desolation)
  5 emperor scorpions
  3 orc warlords
  Louise (Shoals:1)
  6 draconian scorchers
  A spectral caustic shrike (Crypt:3)
  7 ghost moths
  A balrug (Depths:1)
  21 vault wardens
  4 draconian shifters
  8 ghouls
  16 ironbound preservers
  2 curse skulls (Crypt:3)
  2 draconian annihilators (Zot:3)
  6 deep elf elementalists
  A spriggan defender (Depths:2)
  6 draconian stormcallers
  7 vampire knights
  8 very ugly things
  3 broodmothers
  2 reapers
  8 ironbound thunderhulks
  A juggernaut skeleton (Depths:3)
  10 stone giants
  2 war gargoyles
  10 deep elf demonologists
  3 green draconians
  A minotaur (shapeshifter) (Vaults:5)
  9 deep elf annihilators
  4 purple draconians
  2 halazid warlocks (Desolation)
  A minotaur (Gauntlet)
  6 black draconians
  4 dire elephants (Vaults:4)
  3 entropy weavers
  A bunyip (shapeshifter) (Vaults:4)
  8 red draconians
  8 white draconians
  3 yellow draconians
  4 crystal guardians
  6 merfolk impalers
  An iron golem (Depths:1)
  7 ettins
  3 jiangshi (Crypt:3)
  Josephine (D:15)
  10 eidola
  8 deep elf death magi
  7 ragged hierophants (Desolation)
  6 merfolk javelineers
  3 spectral quicksilver dragons (Crypt:3)
  9 deep elf high priests
  7 fire dragons
  A blizzard demon (Depths:1)
  6 great orbs of eyes
  A spectral fenstrider witch (Crypt:3)
  Harold (D:7)
  21 yaktaur captains
  33 vault guards
  6 ice dragons
  6 spriggan air magi
  7 ironbound frosthearts
  6 servants of whispers (Desolation)
  Erolcha (D:11)
  8 peacekeepers
  5 boulder beetles
  A hell beast (Depths:1)
  4 rakshasas
  4 jorogumos
  2 catoblepae (D:14)
  3 hydras
  4 merfolk avatars
  3 alligator snapping turtles
  A spectral stone giant (Crypt:3)
  8 two-headed ogres
  2 ogre magi
  16 centaur warriors
  3 death knights
  An alligator (shapeshifter) (Vaults:4)
  7 merfolk aquamancers
  2 satyrs (Shoals:4)
  A radroach (Spider:3)
  7 death scarabs
  3 deep troll shamans
  Erica (D:8)
  6 vampire magi
  4 spectral dire elephants (Crypt:3)
  12 deep troll earth magi
  3 spriggan berserkers
  27 dancing weapons
  3 tengu warriors
  3 orc high priests
  A spectral storm dragon (Crypt:3)
  A spectral naga (Crypt:3)
  Urug (Lair:3)
  19 deep elf knights
  5 hell knights
  A soul eater (Crypt:3)
  10 iron trolls
  10 shadow wraiths
  A salamander mystic (Depths:3)
  8 skeletal warriors
  A spectral bunyip (Crypt:3)
  8 pharaoh ants
  6 steelbarb worms
  A deep troll (shapeshifter) (Vaults:5)
  A glowing orange brain (Depths:4)
  60 deep trolls
  14 sea snakes
  A swamp dragon (Lair:6)
  8 bog bodies
  3 orb spiders
  A quicksilver dragon simulacrum (Crypt:3)
  9 flayed ghosts
  A spectral jorogumo (Spider:4)
  A kraken simulacrum (Shoals:4)
  16 deep elf archers
  5 orc knights
  10 phantasmal warriors
  An orange crystal statue (Gauntlet)
  2 spectral wolf spiders (Spider:4)
  22 harpies
  24 ironbound convokers
  A golden dragon skeleton (Crypt:3)
  Pikel (D:5)
  A shadow dragon zombie (Depths:3)
  19 lindwurms
  6 wizards
  17 wolf spiders
  6 necromancers
  A harpy (shapeshifter) (Elf:2)
  35 deep elf pyromancers
  35 deep elf zephyrmancers
  30 ugly things
  A stone giant zombie (Crypt:1)
  A tengu skeleton (Depths:3)
  A spectral ettin (Crypt:3)
  11 fauns
  13 manticores
  An orc sorcerer (Elf:3)
  12 cyclopes
  18 moths of wrath
  A spectral alligator snapping turtle (Crypt:3)
  3 black mambas
  A jorogumo skeleton (Crypt:2)
  3 salamanders (Depths:3)
  2 dire elephant zombies
  Joseph (Lair:1)
  3 spectral centaurs (Crypt:3)
  16 elephants
  10 merfolk sirens
  A guardian serpent (shapeshifter) (Elf:1)
  A stone giant skeleton (Crypt:1)
  A frost giant skeleton (Depths:3)
  A titan simulacrum (Crypt:3)
  4 guardian serpents
  A torpor snail (Spider:2)
  13 vault sentinels
  2 water nymphs
  A gargoyle (D:12)
  Maggie (Lair:1)
  An ice statue (IceCv)
  8 rime drakes
  2 spectral redbacks (Spider:4)
  8 cane toads
  39 yaktaurs
  2 efreet
  A redback zombie (Spider:4)
  4 kobold demonologists (D:13)
  2 entropy weaver simulacra (IceCv)
  37 freezing wraiths
  Psyche (D:10)
  3 tengu conjurers
  12 komodo dragons
  A bunyip simulacrum (Crypt:3)
  2 burning bushes (Lair:5)
  5 demonic crawlers
  2 purple draconian skeletons
  2 polar bears
  An anaconda simulacrum (Crypt:3)
  A spectral harpy (Crypt:3)
  An ice devil (IceCv)
  A harpy zombie (Crypt:2)
  17 merfolk
  A death yak skeleton (Crypt:1)
  4 red devils (D:15)
  5 trolls
  6 meliai
  3 hornets
  3 spectral jumping spiders (Spider:4)
  16 blink frogs
  11 snapping turtles
  3 jumping spider zombies (Spider:4)
  2 tarantella zombies (Spider:4)
  35 slime creatures
  4 wind drakes
  4 spectral tarantellas (Spider:4)
  27 tarantellas
  2 stone giant simulacra
  10 dream sheep
  A hydra skeleton (Crypt:3)
  A merfolk zombie (Crypt:1)
  A slime creature (shapeshifter) (Depths:2)
  A draconian simulacrum (Crypt:3)
  A culicivora zombie (Spider:4)
  49 saltlings
  4 flying skulls (Crypt:1)
  A radroach zombie (Crypt:1)
  An air elemental (Elf:2)
  2 centaur simulacra (Crypt:3)
  14 culicivoras
  26 water elementals
  An ice dragon skeleton (Crypt:1)
  Sigmund (D:2)
  2 dire elephant simulacra
  20 jumping spiders
  A shadow (D:11)
  17 wraiths
  3 fire elementals
  21 yaks
  2 wyverns
  4 hogs (Lair:5)
  A human (Lair:6)
  5 basilisks
  10 vampire mosquitoes
  42 redbacks
  A death yak simulacrum (IceCv)
  5 steam dragons
  4 wargs
  2 swamp worms (Gauntlet)
  4 acid dragons
  4 harpy simulacra (Crypt:3)
  10 water moccasins
  6 two-headed ogre zombies (Orc:1)
  A demonspawn skeleton (Crypt:2)
  52 orc warriors
  2 black bears
  2 swamp drakes (Lair:6)
  2 sky beasts (D:5)
  2 ettin simulacra (Crypt:3)
  A hornet zombie (D:7)
  An elephant zombie (Lair:4)
  9 ogres
  7 necrophages
  A boggart (Depths:2)
  5 centaurs
  A manticore skeleton (Crypt:2)
  A rime drake skeleton (Crypt:3)
  4 lemures (D:5)
  A komodo dragon zombie (Lair:4)
  A scorpion (D:5)
  16 bullfrogs
  A gnoll sergeant (D:10)
  7 two-headed ogre simulacra (IceCv)
  2 cane toad simulacra (IceCv)
  An elf skeleton (Crypt:1)
  3 earth elementals
  A water moccasin skeleton (Crypt:2)
  A cyclops skeleton (Crypt:1)
  2 elephant simulacra (IceCv)
  8 killer bees
  A raiju skeleton (Crypt:1)
  5 wights (D:7)
  5 howler monkeys
  4 electric eels
  A wolf zombie (Crypt:2)
  2 bullfrog zombies
  2 centaur zombies
  3 jellies
  5 hounds
  29 orc priests
  2 centaur skeletons
  2 basilisk zombies
  2 bullfrog skeletons
  A black bear skeleton (Crypt:3)
  7 iguanas
  21 orc wizards
  13 spriggan simulacra
  5 troll simulacra (IceCv)
  3 polar bear simulacra (IceCv)
  2 wolf simulacra (IceCv)
  A dwarf zombie (Crypt:2)
  An ogre zombie (Crypt:2)
  A felid zombie (Crypt:1)
  An ogre skeleton (Crypt:3)
  A hound skeleton (D:4)
  10 adders
  3 gnolls (D:10)
  A howler monkey skeleton (D:4)
  8 naga simulacra
  A steam dragon zombie (Crypt:3)
  3 white imps (IceCv)
  4 ufetubi (IceCv)
  4 worms
  3 dart slugs
  89 orcs
  5 ball pythons
  6 bats
  4 endoplasms
  4 giant cockroaches
  9 goblins
  4 hobgoblins
  4 jackals (D:4)
  2 quokkas
  2 training dummies (Orc:1)
  7 kobolds
  7 rats
  A bush (Lair:5)
  A tentacle (Shoals:4)
2175 creatures vanquished.

Vanquished Creatures (others)
  A jiangshi (Crypt:3)
  Sonja (Orc:2)
  A deep elf knight (Elf:2)
  A wizard (Vaults:3)
  2 deep elf zephyrmancers
  A moth of wrath (Zot:5)
  18 demonic plants (Gauntlet)
  36 fungi
  148 plants
  4 tentacles (Shoals:4)
  6 withered plants (Shoals:2)
219 creatures vanquished.

Grand Total: 2394 creatures vanquished

Notes
Turn   | Place    | Note
-------+----------+-------------------------------------------
     0 | D:1      | quixfox the Minotaur Fighter began the quest for the Orb.
     0 | D:1      | Reached XP level 1. HP: 19/19 MP: 0/0
   318 | D:1      | Reached XP level 2. HP: 26/27 MP: 1/1
   431 | D:1      | Found a faded altar of an unknown god.
   757 | D:2      | Noticed Sigmund
   776 | D:2      | Killed Sigmund
   777 | D:2      | Reached skill level 5 in Axes
   777 | D:2      | Reached XP level 3. HP: 10/35 MP: 2/2
   777 | D:2      | Reached XP level 4. HP: 12/41 MP: 3/3
   777 | D:2      | Reached XP level 5. HP: 14/47 MP: 4/4
  1242 | D:2      | Reached skill level 5 in Fighting
  1363 | D:2      | Found a hazy altar of Hepliaklqana.
  1530 | D:3      | Reached skill level 5 in Armour
  1823 | D:3      | Reached XP level 6. HP: 54/56 MP: 5/5
  2147 | D:4      | Noticed a water moccasin
  2162 | D:4      | Killed a water moccasin
  2804 | D:4      | Reached XP level 7. HP: 62/62 MP: 6/6
  3264 | D:5      | Entered Level 5 of the Dungeon
  3516 | D:5      | Noticed Pikel
  3893 | D:5      | Killed Pikel
  3894 | D:5      | Reached XP level 8. HP: 73/73 MP: 7/7
  4103 | D:5      | Identified the +5 war axe of the Orb {vorpal, rPois}
  4459 | D:6      | Reached skill level 10 in Axes
  4469 | D:6      | Found a staircase to the Ecumenical Temple.
  4480 | Temple   | Entered the Ecumenical Temple
  4541 | Temple   | Became a worshipper of Warmaster Okawaru
  4601 | D:6      | Reached XP level 9. HP: 75/81 MP: 8/8
  4820 | D:6      | Found Pagiupt's Neck Hole.
  4828 | D:6      | Bought a +2 cloak for 198 gold pieces
  5513 | D:7      | Reached skill level 1 in Invocations
  5568 | D:7      | You fall into a shaft and drop 1 floor!
  5608 | D:8      | Found Boniaffi's Magic Scroll Emporium.
  5614 | D:8      | Reached * piety under Okawaru
  5648 | D:8      | Bought a scroll of identify for 28 gold pieces
  5648 | D:8      | Bought a scroll of identify for 28 gold pieces
  5652 | D:8      | Bought a scroll of identify for 28 gold pieces
  5743 | D:8      | Noticed Erica
  5992 | D:7      | Reached ** piety under Okawaru
  6299 | D:7      | Noticed Harold
  6313 | D:7      | Killed Harold
  6314 | D:7      | Reached XP level 10. HP: 91/91 MP: 9/11
  6836 | D:8      | Killed Erica
  6836 | D:8      | Reached *** piety under Okawaru
  7019 | D:8      | Identified the +1 leather armour "Huudwyig" {rPois rF+
                  | Dex+2 Stlth+}
  8507 | D:10     | Entered Level 10 of the Dungeon
  8517 | D:10     | Noticed a two-headed ogre
  8521 | D:10     | Killed a two-headed ogre
  8521 | D:10     | Reached **** piety under Okawaru
  8522 | D:10     | Reached skill level 10 in Fighting
  8522 | D:10     | Reached skill level 10 in Armour
  8582 | D:10     | Noticed Psyche
  8594 | D:10     | Killed Psyche
  8595 | D:10     | Reached skill level 5 in Invocations
  8597 | D:10     | Noticed an orange crystal statue
  8715 | D:10     | Reached XP level 11. HP: 68/101 MP: 13/13
  8717 | D:10     | Received a gift from Okawaru
  8893 | D:10     | Found a staircase to the Lair.
  8951 | D:10     | Noticed a two-headed ogre
  8957 | D:10     | Killed a two-headed ogre
  9184 | D:10     | Noticed a two-headed ogre
  9191 | D:10     | Killed a two-headed ogre
  9191 | D:10     | Reached ***** piety under Okawaru
  9261 | D:10     | Found a radiant altar of Vehumet.
  9614 | D:11     | Found a staircase to the Orcish Mines.
  9629 | D:11     | Found a runed translucent door.
  9631 | D:11     | Noticed audacious124's ghost (journeyman HuWn)
  9638 | D:11     | Noticed Erolcha
  9649 | D:11     | Killed Erolcha
  9981 | D:11     | Noticed a deep elf pyromancer
  9989 | D:11     | Killed a deep elf pyromancer
 10004 | D:11     | Found Vucoshin's General Store.
 10004 | D:11     | Noticed a two-headed ogre
 10014 | D:11     | Killed a two-headed ogre
 10014 | D:11     | Identified the +1 scale mail of the Arcane {+Blink}
                  | (Okawaru gifted it to you on level 11 of the Dungeon)
 10014 | D:11     | Received a gift from Okawaru
 10056 | D:11     | Noticed a two-headed ogre
 10063 | D:11     | Killed a two-headed ogre
 10064 | D:11     | Reached skill level 15 in Axes
 10626 | D:12     | Found Atapuxt's Antique Weapon Shoppe.
 10760 | D:12     | Noticed a two-headed ogre
 10767 | D:12     | Killed a two-headed ogre
 10768 | D:12     | Reached XP level 12. HP: 110/110 MP: 16/16
 11148 | Lair:1   | Entered Level 1 of the Lair of Beasts
 11276 | Lair:1   | Noticed Maggie
 11297 | Lair:1   | Killed Maggie
 11789 | Lair:1   | Noticed Joseph
 11801 | Lair:1   | Killed Joseph
 12192 | Lair:1   | Received a gift from Okawaru
 12984 | Lair:2   | Noticed a boulder beetle
 13020 | Lair:2   | Reached skill level 5 in Shields
 13125 | Lair:2   | Killed a boulder beetle
 13637 | Lair:2   | Identified the +0 scale mail "Puteul" {rF++ rN++ Int-4}
 14177 | Lair:3   | Found a hole to the Spider Nest.
 14269 | Lair:3   | Noticed Urug
 14271 | Lair:3   | Reached XP level 13. HP: 122/122 MP: 18/18
 14290 | Lair:3   | Killed Urug
 15576 | Lair:4   | Found a staircase to the Shoals.
 16725 | Lair:5   | Reached ****** piety under Okawaru
 16768 | Lair:5   | Found a gate leading to a gauntlet.
 16780 | Gauntlet | Entered a Gauntlet
 16780 | Gauntlet | Found a transporter.
 16780 | Gauntlet | Found a transporter.
 16800 | Gauntlet | Found a transporter.
 16812 | Gauntlet | Found a transporter.
 16831 | Gauntlet | Found a transporter.
 16831 | Gauntlet | Found a transporter.
 16833 | Gauntlet | Found a transporter.
 16833 | Gauntlet | Found a transporter.
 16852 | Gauntlet | Found a transporter.
 16862 | Gauntlet | Found a runed translucent door.
 16863 | Gauntlet | Found a transporter.
 16864 | Gauntlet | Found a runed translucent door.
 16873 | Gauntlet | Found a transporter.
 16885 | Gauntlet | Found a transporter.
 16931 | Gauntlet | Found a transporter.
 16931 | Gauntlet | Found a transporter.
 16932 | Gauntlet | Found a runed translucent door.
 17094 | Gauntlet | Identified the +7 war axe of Okawaru {vorpal, Will+ rCorr
                  | MP+9 Dex-5} (Okawaru gifted it to you in a Gauntlet)
 17094 | Gauntlet | Received a gift from Okawaru
 17183 | Gauntlet | Identified the ring of Joix {Will+ AC+4 Int+4}
 17190 | Gauntlet | Identified the +3 chain mail "Vasi" {rF+ Will+ rCorr Int+2}
 17252 | Gauntlet | Identified the +2 flail of Indomitability {vorpal, rN+
                  | Will++}
 17252 | Gauntlet | Noticed a minotaur
 17263 | Gauntlet | Killed a minotaur
 17269 | Gauntlet | Identified the +1 robe of Dim Light {rPois rF+ Will+}
 18214 | Lair:5   | Received a gift from Okawaru
 18570 | Lair:6   | Entered Level 6 of the Lair of Beasts
 18570 | Lair:6   | Noticed Kirke
 18617 | Lair:6   | Killed Kirke
 18935 | Lair:6   | Found a viscous altar of Jiyva.
 18939 | Lair:6   | Reached skill level 15 in Armour
 18965 | Lair:6   | Found a staircase to the Slime Pits.
 19052 | Lair:6   | Reached skill level 15 in Fighting
 19052 | Lair:6   | Reached XP level 14. HP: 128/135 MP: 19/19
 19053 | Lair:6   | Identified the +4 hand axe of a treasure trove {pain, rPois
                  | rF- Will+++ Int-4}
 19061 | Lair:6   | Identified the +8 shortbow "Horeishro" {freeze, Dex+4}
 19363 | Lair:6   | Reached skill level 10 in Shields
 20149 | D:13     | Identified a scroll of acquirement
 20149 | D:13     | Acquired the +4 hat of the Eternal Void {+Inv rN++ rCorr
                  | Str-5}
 20532 | D:13     | Reached skill level 1 in Evocations
 20991 | D:13     | Received a gift from Okawaru
 21390 | D:14     | Found a glowing golden altar of the Shining One.
 21600 | D:14     | Noticed a purple very ugly thing
 21613 | D:14     | Killed a brown very ugly thing
 21662 | D:14     | Found a gate to the Vaults.
 22356 | D:15     | Entered Level 15 of the Dungeon
 22360 | D:15     | Acquired the +2 cloak of the Alphagorgon {*Slow rElec
                  | Will+++ rCorr}
 22450 | D:15     | Received a gift from Okawaru
 22467 | D:15     | Noticed Josephine
 22485 | D:15     | Killed Josephine
 22832 | D:15     | Found an opulent altar of Gozag.
 22944 | D:15     | Reached skill level 5 in Evocations
 23270 | D:15     | Found a staircase to the Depths.
 23270 | D:15     | Noticed a frost giant
 23278 | D:15     | Killed a frost giant
 23724 | Spider:1 | Entered Level 1 of the Spider Nest
 23838 | Orc:1    | Entered Level 1 of the Orcish Mines
 23862 | D:11     | Received a gift from Okawaru
 23957 | Orc:1    | Found Xena's Firing Range.
 24343 | Orc:1    | Reached XP level 15. HP: 139/145 MP: 20/20
 24596 | Orc:2    | Entered Level 2 of the Orcish Mines
 24596 | Orc:2    | Found a staircase to the Elven Halls.
 24636 | Orc:2    | Noticed an orc warlord
 24650 | Orc:1    | Killed an orc warlord
 24830 | Orc:2    | Found a frozen archway.
 24835 | Orc:2    | Received a gift from Okawaru
 24852 | IceCv    | Entered an ice cave
 25607 | IceCv    | Identified the ring "Ulio" {Fire Int+2}
 26154 | Orc:2    | Noticed Sonja
 26175 | Orc:2    | Killed Sonja
 26247 | Orc:2    | Noticed Saint Roka
 26488 | Orc:2    | Noticed Donald
 26715 | Orc:2    | Killed Donald
 27122 | Orc:2    | Killed Saint Roka
 27308 | Orc:2    | Found Jijupierip's Jewellery Shoppe.
 27518 | Orc:2    | Found Syitz's Antique Weapon Shoppe.
 27792 | Orc:2    | Noticed an orc warlord
 27814 | Orc:2    | Killed an orc warlord
 27816 | Orc:2    | Identified the +2 pair of gloves "Uffyitie" {Harm rC-
                  | Slay+2} (Okawaru gifted it to you on level 2 of the Orcish
                  | Mines)
 27816 | Orc:2    | Received a gift from Okawaru
 28024 | Orc:2    | Found Ijavaec's Antique Weapon Shop.
 28026 | Orc:2    | Found Kirr's Antique Armour Boutique.
 28192 | Orc:2    | Bought the ring "Vylea" {rF+ rC+ Int+6} for 619 gold pieces
 28195 | Orc:2    | Bought a ring of poison resistance for 240 gold pieces
 28464 | Spider:1 | Noticed an emperor scorpion
 28503 | Spider:1 | Killed an emperor scorpion
 30130 | Spider:2 | Identified the +2 chain mail of Vaoh {-Tele Int+8}
 30607 | Spider:2 | Identified the +4 battleaxe "Kavyico" {drain, *Corrode
                  | rElec Will+++ SInv} (Okawaru gifted it to you on level 2 of
                  | the Spider Nest)
 30607 | Spider:2 | Received a gift from Okawaru
 31174 | Spider:3 | Reached XP level 16. HP: 122/157 MP: 1/21
 32017 | Spider:3 | Received a gift from Okawaru
 32564 | Spider:4 | Entered Level 4 of the Spider Nest
 33265 | Spider:4 | Identified the +6 war axe "Reomn" {freeze, *Rage rF++ rC+
                  | Int+2} (Okawaru gifted it to you on level 4 of the Spider
                  | Nest)
 33265 | Spider:4 | Received a gift from Okawaru
 33298 | Spider:4 | Identified the +6 chain mail of the Past {rElec rF+ SInv}
 34740 | Spider:4 | Paralysed by a jorogumo for 3 turns
 34775 | Spider:4 | Identified the +2 robe of Defence {rElec Regen+} (Okawaru
                  | gifted it to you on level 4 of the Spider Nest)
 34775 | Spider:4 | Received a gift from Okawaru
 35012 | Spider:4 | Identified the +1 hat of the Armadillo {rN+ Dex+3}
 35039 | Spider:4 | Got a gossamer rune of Zot
 35549 | Shoals:1 | Entered Level 1 of the Shoals
 35874 | Shoals:1 | Noticed Louise
 35890 | Shoals:1 | Killed Louise
 36063 | Shoals:1 | Reached XP level 17. HP: 170/170 MP: 22/22
 36938 | Shoals:2 | Found a runed translucent gate.
 36938 | Shoals:2 | Found a runed translucent gate.
 36938 | Shoals:2 | Found a runed translucent gate.
 36939 | Shoals:2 | Noticed Tiocfaidh's ghost (journeyman GrFi)
 36939 | Shoals:2 | Noticed Lianjan's ghost (adept MiGl)
 38121 | Shoals:3 | Identified the +0 hat of the Saviour {rPois}
 38743 | Shoals:4 | Entered Level 4 of the Shoals
 39016 | Shoals:4 | Received a gift from Okawaru
 39183 | Shoals:4 | Identified the +8 morningstar "Pisuon" {speed, Str+9 Dex+2
                  | Stlth-}
 39902 | Shoals:4 | Got the Guide on the Cankerous Snowflakes
 40077 | Shoals:4 | Identified the +2 chain mail "Izocaz" {+Blink Will++}
 40211 | Shoals:4 | Identified the +1 plate armour of Waujel {rPois} (Okawaru
                  | gifted it to you on level 4 of the Shoals)
 40211 | Shoals:4 | Received a gift from Okawaru
 40373 | Shoals:4 | Identified the +3 fustibalus of Qorrin {freeze, Str+4
                  | Dex+4}
 41175 | Shoals:4 | Got a barnacled rune of Zot
 41311 | Shoals:4 | Identified the +7 trident "Vileof" {freeze, rElec Dex+2}
 41785 | Vaults:1 | Entered Level 1 of the Vaults
 41876 | Vaults:1 | Reached XP level 18. HP: 161/182 MP: 19/23
 42923 | Vaults:1 | Received a gift from Okawaru
 43879 | Vaults:1 | Received a gift from Okawaru
 46136 | Vaults:2 | Reached XP level 19. HP: 170/191 MP: 20/24
 46394 | Vaults:2 | Received a gift from Okawaru
 47172 | Vaults:2 | Found a large runed translucent door.
 47172 | Vaults:2 | Found a large runed translucent door.
 47172 | Vaults:2 | Found a large runed translucent door.
 47172 | Vaults:2 | Found a large runed translucent door.
 47173 | Vaults:2 | Found a large runed translucent door.
 47173 | Vaults:2 | Found a large runed translucent door.
 47173 | Vaults:2 | Found a large runed translucent door.
 47173 | Vaults:2 | Found a large runed translucent door.
 47173 | Vaults:2 | Noticed Niugywni's ghost (veteran MiFi)
 48647 | Vaults:3 | Received a gift from Okawaru
 48977 | Vaults:3 | Found a staircase to the Crypt.
 49912 | Vaults:3 | Identified the +9 quarterstaff of the Saving Ass {elec, rF-
                  | rC+++ rN+ MP+9}
 50066 | Vaults:3 | Received a gift from Okawaru
 51248 | Vaults:4 | Identified the +5 falchion of the Special Xenops {venom,
                  | MP-9 Str+5}
 51401 | Vaults:4 | Received a gift from Okawaru
 51723 | Vaults:4 | Noticed Bai Suzhen
 51752 | Vaults:4 | Killed Bai Suzhen
 51753 | Vaults:4 | Reached XP level 20. HP: 190/202 MP: 19/25
 52434 | Vaults:5 | Entered Level 5 of the Vaults
 52493 | Vaults:4 | Received a gift from Okawaru
 53099 | Vaults:4 | Received a gift from Okawaru
 53636 | Vaults:5 | Noticed a golden dragon
 53648 | Vaults:4 | Killed a golden dragon
 54707 | Vaults:4 | Identified the +3 shadow dragon scales of Asceticism {rN+
                  | SInv Stlth++++} (Okawaru gifted it to you on level 4 of the
                  | Vaults)
 54707 | Vaults:4 | Received a gift from Okawaru
 55385 | Vaults:5 | Noticed a golden dragon
 55409 | Vaults:5 | Killed a golden dragon
 55410 | Vaults:5 | Reached skill level 1 in Dodging
 55871 | Vaults:5 | Got a silver rune of Zot
 56129 | Vaults:5 | Reached skill level 15 in Shields
 56561 | Vaults:5 | Reached XP level 21. HP: 201/212 MP: 24/26
 56646 | Vaults:5 | Noticed a golden dragon
 56660 | Vaults:5 | Killed a golden dragon
 56694 | Vaults:5 | Noticed a golden dragon
 56718 | Vaults:5 | Killed a golden dragon
 56910 | Vaults:5 | Identified the +10 war axe of Seydwemp {protect, Str+3
                  | Dex+4}
 57336 | Vaults:5 | Received a gift from Okawaru
 57441 | Vaults:5 | Identified the +1 scale mail "Guol" {rPois}
 57735 | Vaults:5 | Found the +2 shield of Resistance {rF++ rC++ Will++}
 57745 | Vaults:5 | Reached skill level 1 in Stealth
 58243 | Elf:1    | Entered Level 1 of the Elven Halls
 58579 | Elf:1    | Reached skill level 5 in Dodging
 58589 | Elf:1    | Identified the +5 pair of boots "Depp" {rF+} (Okawaru
                  | gifted it to you on level 1 of the Elven Halls)
 58589 | Elf:1    | Received a gift from Okawaru
 58846 | Elf:1    | Got the Reference Book on Blows and Bruises
 59219 | Elf:1    | Found Cegavuxt's Distillery.
 59222 | Elf:1    | Bought a potion of curing for 45 gold pieces
 59222 | Elf:1    | Bought a potion of curing for 45 gold pieces
 59222 | Elf:1    | Bought a potion of might for 60 gold pieces
 59222 | Elf:1    | Bought a potion of heal wounds for 75 gold pieces
 59222 | Elf:1    | Bought a potion of heal wounds for 75 gold pieces
 59333 | Elf:1    | Found a shimmering blue altar of Sif Muna.
 59395 | Elf:1    | Reached skill level 5 in Stealth
 59657 | Elf:2    | Found a crumbling gateway.
 59687 | Desolati | Entered the Desolation of Salt
 59866 | Desolati | Identified the +7 flail "Weittui" {venom, rF+++ Will++
                  | Dex-2 Stlth-}
 60224 | Desolati | Identified the ring "Ocva" {rF+ rC+ Will+ rCorr}
 60234 | Desolati | Identified the +11 shortbow of Skirmishing {venom, rElec}
 60246 | Desolati | Got the Almanac of Transmutation and Battle Magic
 60271 | Desolati | Identified the +1 robe of Huniabb {-Tele Int+6 Archmagi}
 60315 | Desolati | Identified the ring "Viana" {Will+ rCorr Dex+3}
 60385 | Desolati | Received a gift from Okawaru
 60574 | Elf:2    | Paralysed by an air elemental for 1 turns
 60938 | Elf:3    | Entered Level 3 of the Elven Halls
 60947 | Elf:3    | Reached XP level 22. HP: 213/224 MP: 27/27
 61087 | Elf:3    | Received a gift from Okawaru
 61143 | Elf:2    | Found a runed translucent gate.
 61143 | Elf:2    | Found a runed translucent gate.
 61143 | Elf:2    | Found a runed translucent gate.
 62099 | Elf:3    | Found Ahuthryni's Distillery.
 62111 | Elf:3    | Bought a potion of curing for 51 gold pieces
 62111 | Elf:3    | Bought a potion of curing for 51 gold pieces
 62111 | Elf:3    | Bought 2 potions of might for 136 gold pieces
 62870 | Elf:3    | Received a gift from Okawaru
 63509 | Elf:3    | Identified the amulet "Caudomag" {Spirit rN++ Int-5 Slay+5}
 63609 | Elf:3    | Identified the +0 morningstar "Igemul" {vorpal, rC+ SInv}
 63645 | Elf:3    | Identified the +6 flail "Haboosh" {vorpal, rElec Will+}
 63675 | Elf:3    | Reached skill level 10 in Stealth
 63676 | Elf:3    | Identified the +9 long sword of Isaufus {freeze, +Blink
                  | Will- Dex+4 Stlth+}
 63709 | Elf:3    | Got the Volume of Captivating Transformation
 63729 | Elf:3    | Identified the +2 hunting sling of the Boar {speed, rC+
                  | Stlth+}
 63766 | Elf:3    | Identified the +0 scale mail of Inaction {rF+ rCorr Int+4}
                  | (Okawaru gifted it to you on level 3 of the Elven Halls)
 63766 | Elf:3    | Received a gift from Okawaru
 64127 | Depths:1 | Entered Level 1 of the Depths
 64381 | Depths:1 | Found a gateway to Hell.
 64491 | Depths:1 | Found a snail-covered altar of Cheibriados.
 65414 | Depths:1 | Reached skill level 10 in Evocations
 65564 | Depths:2 | Identified the +1 shortbow of the Jolly Beggars {venom,
                  | +Blink rF- Str-2 Stlth+}
 65569 | Depths:2 | Found Ydif's Distillery.
 65584 | Depths:2 | Bought a potion of curing for 36 gold pieces
 65584 | Depths:2 | Bought a potion of heal wounds for 60 gold pieces
 65584 | Depths:2 | Bought a potion of heal wounds for 60 gold pieces
 65584 | Depths:2 | Bought a potion of resistance for 120 gold pieces
 65584 | Depths:2 | Bought a potion of mutation for 96 gold pieces
 65698 | Depths:2 | Identified the ring "Adas Nia" {Will+ Dex+2 Slay+3}
 65951 | Depths:2 | Found a runed translucent gate.
 65953 | Depths:2 | Found a runed translucent gate.
 65954 | Depths:2 | Found a runed translucent gate.
 65955 | Depths:2 | Noticed quixfox's ghost (adept MiFi)
 65994 | Depths:2 | Reached XP level 23. HP: 182/235 MP: 23/28
 66141 | Depths:2 | Found a one-way gate to the infinite horrors of the Abyss.
 66203 | Depths:2 | Found a one-way gate leading to the halls of Pandemonium.
 66206 | Depths:2 | Found Refuon's Armour Shoppe.
 66247 | Depths:2 | Found a one-way gateway to a ziggurat.
 66721 | Depths:2 | Killed quixfox's ghost
 66811 | Depths:2 | Identified the +5 glaive "Ultimatum" {spect, Drain rElec
                  | rCorr Int+8} (Okawaru gifted it to you on level 2 of the
                  | Depths)
 66811 | Depths:2 | Received a gift from Okawaru
 66853 | Depths:2 | Identified the +0 pair of boots "Fachigai" {rElec}
 66856 | Depths:2 | Identified the ring of Xyprioh {+Blink Fly rF+ Str-4 Dex+6}
 67469 | Depths:3 | Found a hide-covered altar of Uskayaw.
 68215 | Depths:4 | Entered Level 4 of the Depths
 68310 | Depths:4 | Found a flickering gateway to a bazaar.
 68323 | Bazaar   | Entered a bazaar
 68345 | Bazaar   | Found Yvas Gad's Antique Weapon Emporium.
 68345 | Bazaar   | Found Jubets's Magic Scroll Shoppe.
 68368 | Bazaar   | Found Juivimui's Antique Weapon Emporium.
 68368 | Bazaar   | Found Misaemuv's Antique Armour Shoppe.
 68392 | Bazaar   | Found Siumeh's Jewellery Emporium.
 68463 | Bazaar   | Bought the ring of Shadows {Umbra +Inv Stlth+} for 520 gold
                  | pieces
 68463 | Bazaar   | Found the ring of Shadows {Umbra +Inv Stlth+}
 68493 | Bazaar   | Bought a runed hat for 231 gold pieces
 68500 | Bazaar   | Bought an ebony war axe for 255 gold pieces
 68500 | Bazaar   | Identified the +7 war axe "Yzoet" {vorpal, rC+} (You bought
                  | it in a shop in a bazaar)
 68517 | Bazaar   | Bought a scroll of blinking for 67 gold pieces
 68517 | Bazaar   | Bought a scroll of teleportation for 27 gold pieces
 68517 | Bazaar   | Bought a scroll of enchant weapon for 67 gold pieces
 68517 | Bazaar   | Bought 3 scrolls of magic mapping for 94 gold pieces
 68517 | Bazaar   | Bought a scroll of enchant weapon for 67 gold pieces
 68517 | Bazaar   | Bought a scroll of fog for 18 gold pieces
 68523 | Bazaar   | Bought a runed broad axe for 168 gold pieces
 68526 | Bazaar   | Lost intelligence.
 68660 | Depths:4 | Found a glowing silver altar of Zin.
 68660 | Depths:4 | Found a glowing golden altar of the Shining One.
 68661 | Depths:4 | Found a white marble altar of Elyvilon.
 68789 | Depths:4 | Found a sparkling altar of Nemelex Xobeh.
 69032 | Depths:4 | Received a gift from Okawaru
 69815 | Depths:4 | Noticed a juggernaut
 69839 | Depths:4 | Killed a juggernaut
 70131 | Depths:4 | Found a gate to the Realm of Zot.
 70157 | Depths:4 | Identified the +1 robe "Filaisti" {rPois} (Okawaru gifted
                  | it to you on level 4 of the Depths)
 70157 | Depths:4 | Received a gift from Okawaru
 70394 | Depths:4 | Found Hakey's Book Shop.
 70396 | Depths:4 | Found Giwnilut's Jewellery Shoppe.
 70398 | Depths:4 | Found Liyduob's Book Shop.
 70513 | Depths:4 | Identified the +9 hand axe of Flawed Execution {venom,
                  | Dex+6}
 70906 | Crypt:1  | Entered Level 1 of the Crypt
 71834 | Crypt:2  | Found a transporter.
 72020 | Crypt:2  | Found a transporter.
 72040 | Crypt:2  | Noticed Zoalos's ghost (veteran GrEE)
 72456 | Crypt:3  | Entered Level 3 of the Crypt
 72456 | Crypt:3  | Noticed Mennas
 72490 | Crypt:2  | Killed Mennas
 72980 | Crypt:3  | Found a staircase to the Tomb.
 73022 | Crypt:3  | Reached XP level 24. HP: 209/247 MP: 27/28
 73360 | Crypt:3  | Received a gift from Okawaru
 73490 | Crypt:3  | Got the Incunabulum of Black Rites
 73552 | Crypt:3  | Reached skill level 27 in Armour
 73594 | Crypt:3  | Reached skill level 27 in Fighting
 73597 | Crypt:3  | Reached skill level 15 in Evocations
 73986 | Crypt:3  | Identified the +3 ring mail "Koamony" {rPois Will+}
                  | (Okawaru gifted it to you on level 3 of the Crypt)
 73986 | Crypt:3  | Received a gift from Okawaru
 74771 | Crypt:3  | Identified the ring "Natyud" {+Blink rC+ rN+ rCorr Dex-5}
 74771 | Crypt:3  | Identified the ring of Higu Voth {rN+ rCorr Str-3 Int+9
                  | Stlth-}
 74771 | Crypt:3  | Identified the ring of Descent {+Blink rN+ Int+3}
 74814 | Crypt:3  | Identified the ring of Paclat {rPois rCorr Int+3}
 75570 | Zot:1    | Entered Level 1 of the Realm of Zot
 75744 | Zot:1    | You fall into a shaft and drop 1 floor!
 75773 | Zot:2    | Identified the +0 buckler of Dyspraxia {Dex+3}
 76031 | Zot:2    | Noticed a Killer Klown
 76042 | Zot:2    | Killed a Killer Klown
 76224 | Zot:2    | Reached skill level 10 in Dodging
 76326 | Zot:2    | Found the ring of the Hare {EV+8}
 77316 | Zot:1    | Received a gift from Okawaru
 78870 | Zot:3    | Identified the +3 dagger "Ewuckon" {vamp, Str+4 Stlth+}
 79068 | Zot:4    | Reached XP level 25. HP: 169/257 MP: 26/28
 80495 | Zot:5    | Entered Level 5 of the Realm of Zot
 80499 | Zot:5    | Found Peisiedel's Changing Room.
 80796 | Zot:5    | Noticed an orb of fire
 80796 | Zot:5    | Noticed an orb of fire
 80803 | Zot:5    | Noticed a Killer Klown
 80810 | Zot:5    | Noticed an orb of fire
 80810 | Zot:5    | Noticed a Killer Klown
 80810 | Zot:5    | Noticed an ancient lich
 80811 | Zot:5    | Noticed an orb of fire
 80811 | Zot:5    | Noticed an orb of fire
 80812 | Zot:5    | Noticed an orb of fire
 80813 | Zot:5    | Noticed a Killer Klown
 80817 | Zot:5    | Gained mutation: You are occasionally teleported next to
                  | monsters. [an orb of fire]
 80817 | Zot:5    | Gained mutation: You are frail. (-10% HP) [an orb of fire]
 80832 | Zot:4    | Lost mutation: You are occasionally teleported next to
                  | monsters. [potion of mutation]
 80832 | Zot:4    | Lost mutation: You are frail. (-10% HP) [potion of
                  | mutation]
 80832 | Zot:4    | Gained mutation: You are frail. (-10% HP) [potion of
                  | mutation]
 80832 | Zot:4    | Gained mutation: You have hidden genetic defects. [potion
                  | of mutation]
 80832 | Zot:4    | Lost mutation: You have hidden genetic defects. [potion of
                  | mutation]
 81083 | Zot:5    | Killed an orb of fire
 81184 | Zot:5    | Identified the +6 crystal plate armour of the Monkey's
                  | Uncle {Regen+} (Okawaru gifted it to you on level 5 of the
                  | Realm of Zot)
 81184 | Zot:5    | Received a gift from Okawaru
 81431 | Zot:5    | Noticed a dread lich
 81446 | Zot:5    | Killed a dread lich
 81471 | Zot:5    | Noticed a Killer Klown
 81492 | Zot:5    | Gained mutation: You are dopey. (Int -2) [an orb of fire]
 81497 | Zot:5    | Gained mutation: You are very frail. (-20% HP) [an orb of
                  | fire]
 81507 | Zot:5    | Gained mutation: You sometimes lose the ability to read
                  | scrolls when taking damage. [an orb of fire]
 81509 | Zot:4    | Lost mutation: You are dopey. (Int -2) [potion of mutation]
 81509 | Zot:4    | Lost mutation: You are very frail. (-20% HP) [potion of
                  | mutation]
 81509 | Zot:4    | Gained mutation: Your magical capacity is low. (-10% MP)
                  | [potion of mutation]
 81510 | Zot:4    | Lost mutation: Your magical capacity is low. (-10% MP)
                  | [potion of mutation]
 81510 | Zot:4    | Lost mutation: You are frail. (-10% HP) [potion of
                  | mutation]
 81510 | Zot:4    | Lost mutation: You sometimes lose the ability to read
                  | scrolls when taking damage. [potion of mutation]
 81510 | Zot:4    | Gained mutation: Your flesh is cold resistant. (rC+)
                  | [potion of mutation]
 81510 | Zot:4    | Gained mutation: You expend magic power (3 MP) to
                  | strengthen your wands. [potion of mutation]
 81510 | Zot:4    | Gained mutation: You have an increased reservoir of magic.
                  | (+10% MP) [potion of mutation]
 81707 | Zot:5    | Gained mutation: You are clumsy. (Dex -2) [an orb of fire]
 81716 | Zot:5    | Killed an orb of fire
 81717 | Zot:5    | Gained mutation: Your spells are a little easier to cast,
                  | but a little less powerful. [an orb of fire]
 81720 | Zot:5    | Killed an orb of fire
 81721 | Zot:5    | Gained mutation: Your body sometimes deteriorates upon
                  | taking damage. [an orb of fire]
 81726 | Zot:5    | Killed an orb of fire
 81728 | Zot:5    | Gained mutation: Your body often deteriorates upon taking
                  | damage. [an orb of fire]
 81737 | Zot:4    | Lost mutation: You have an increased reservoir of magic.
                  | (+10% MP) [an orb of fire]
 81742 | Zot:4    | Killed an orb of fire
 82109 | Zot:4    | Killed a Killer Klown
 82359 | Zot:5    | Killed a Killer Klown
 82413 | Zot:5    | Noticed a Killer Klown
 82500 | Zot:5    | Lost intelligence.
 82509 | Zot:5    | Mangled by a Killer Klown

Illustrated notes

Levels and vault maps discovered:
D:1:      eino_arrival_tree_alley, layout_basic,
          dilly_ecumenical_altar_fadedgnrine, minmay_misc_feat_tiny
D:2:      layout_loops_ring, basic_altar, uniq_sigmund
D:3:      layout_loops_cross
D:4:      layout_loops_ring, st_stairs_1, kennysheep_nub, kennysheep_crisscross,
          kennysheep_generic_room_6
D:5:      layout_loops_ring, uniq_pikel
D:6:      layout_cave_pools, minmay_temple_entry_statues_fountains,
          nicolae_shop_sticking_my_neck_out
D:7:      layout_loops_cross, uniq_harold
D:8:      layout_basic, serial_shops, nicolae_shop_advertising_works
          [nicolae_subvault_shop_adworks], uniq_erica
D:9:      lemuel_ice_spiral_2, layout_irregular_city
D:10:     layout_loops_ring, mainiacjoe_overflow_alcove_4,
          grunt_lair_entry_orc_guard_hut, minmay_statue_bubble, uniq_psyche
D:11:     layout_rooms, ebering_ghost_reflecting_pool, serial_shops,
          nicolae_stop_n_shop_1, uniq_erolcha
D:12:     layout_irregular_city, serial_shops, shop
D:13:     layout_small_grid
D:14:     layout_basic, david_vaults_5, nicolae_tso_carved_into_rock
D:15:     grunt_enter_depths_snipers, layout_rooms, grunt_gozag_breadcrumbs,
          einodemon_armed_red_devil_minivault, uniq_josephine
Temple:   kilobyte_greek_temple
Lair:1:   layout_layer_cave, lemuel_fruit_tree, grunt_megastairs_5, uniq_joseph,
          uniq_maggie
Lair:2:   wad_woods_04, layout_cave_pods, serial_bayou_pond_e,
          serial_bayou_shore_b, grunt_megastairs_1
Lair:3:   layout_regular_city, dummy_spider_entry, lemuel_fruit_fields,
          uniq_urug
Lair:4:   pond_and_an_island_with_a_cottage, layout_big_grid,
          minmay_shoals_entry_hut
Lair:5:   layout_layer_cave, gauntlet_entry_generic, evilmike_ambush
          [evilmike_ambush_outer_pillars, evilmike_ambush_inner_basic]
Lair:6:   guppyfry_lair_end_dragon, layout_cave_pods, wormcave, slime_altar_1,
          uniq_kirke
Shoals:1: layout_shoals, nicolae_shoals_stone_sculpture_thing, uniq_louise
Shoals:2: layout_shoals, gammafunk_ghost_cemetery
Shoals:3: cheibrodos_shoals_baths, layout_shoals
Shoals:4: shoals_end_grunt_ice, layout_shoals, nicolae_shoals_this_corrosion
Spider:1: layout_cave_pods, nicolae_spider_bug_shape
Spider:2: layout_spider_delve, hellmonk_spider_spawner
Spider:3: layout_spider_delve, guppyfry_spider_mini_2,
          hangedman_spider_tarantella_strand
Spider:4: floodkiller_spider_rune_tomb
Orc:1:    lemuel_ogre_cave, layout_diamond_mine, nicolae_shop_firing_range
Orc:2:    grunt_orc_community_town_hall, layout_diamond_mine,
          grunt_orc_community_big_house_2, grunt_orc_community_big_house_2,
          grunt_orc_community_house_1, grunt_orc_community_house_2,
          grunt_orc_community_house_2, grunt_orc_community_house_3,
          grunt_orc_community_house_2, portal_ice_cave_rime, uniq_sonja,
          uniq_donald, uniq_saint_roka
Elf:1:    minmay_elf_arrival_circle, layout_onion_city, serial_shops,
          nicolae_shop_window_shopping, basic_altar, minmay_elf_annihilation,
          grunt_ministairs_5, st_stairs_7
Elf:2:    nicolae_elf_blades_splatter_lattice
          [nicolae_blade_entry_floor_patterns], layout_rooms,
          portal_desolation_entry_salt
Elf:3:    minmay_elf_hall_not_hex, layout_gridlike, serial_shops,
          nicolae_shop_temple_entry_statues_fountains, grunt_ministairs_9,
          grunt_megastairs_2
Vaults:1: ontoclasm_vaults_spin, nicolae_vaults_know_your_exits,
          vaults_mumra_hex, vaults_standard_mumra_lines, vaults_room_grid,
          vaults_room_door_hall, hangedman_vaults_restitches, v_misc_2,
          vaults_dpeg_diagonal, layout_vaults_omnicross
Vaults:2: advil_vaults_ghost_lines, vaults_room_stairs_pillars,
          vaults_mumra_minichess, nicolae_vaults_three_branches,
          hangedman_vaults_stagger, nicolae_vaults_network_square,
          vaults_room_large_hall, grunt_vaults_funnel,
          ontoclasm_vaults_decontamination, layout_vaults_omnigrid
Vaults:3: dpeg_vaults_waves, minmay_crypt_entry_simple_sparse,
          hangedman_vaults_snaps, nicolae_vaults_specimen_jars,
          nicolae_vaults_network_s, hangedman_vaults_nails,
          hangedman_vaults_cutoff, vaults_room_ringed_pool,
          nicolae_vaults_bisected_slash, dpeg_vaults_monster_row,
          hangedman_vaults_stretched_pinwheel, ontoclasm_vaults_ring_small,
          layout_vaults_maze_snakey
Vaults:4: hangedman_vaults_unwind, v_alt_pattern_2, vaults_room_stairs_pillars,
          vaults_mumra_lcd, vaults_dpeg_doors, ontoclasm_vaults_misaligned,
          v_misc_19, vaults_mumra_chevron, st_hourglassy,
          vaults_dpeg_encased_lava, nicolae_vaults_shelves_hall,
          layout_vaults_ring, uniq_margery, uniq_bai_suzhen
Vaults:5: serial_shops
Crypt:1:  layout_chaotic_city, serial_sigils_hangedman_shear,
          grunt_megastairs_3, grunt_crypt_arrival_webbed
Crypt:2:  layout_chaotic_city, gammafunk_ghost_abyssal_escape
Crypt:3:  due_elkab, layout_chaotic_city, st_chilly_death, uniq_mennas
Depths:1: layout_gridlike, minivault_11, grunt_mini_vestibule,
          serial_bayou_pond_e, chei_slow_surprise,
          roderic_lattice_octagonal_star
Depths:2: minmay_cut_squares, layout_cave_pools, enter_ziggurat_c,
          chequers_decorated_corner, serial_shops, shop,
          nicolae_shop_window_shopping, pan_entry, gammafunk_ghost_tricky_traps,
          hell_entry, abyss_entry, serial_bayou_lagoon_b
Depths:3: minmay_haunted_quarter, layout_gridlike, hell_entry,
          abyss_entry_crystal, nicolae_uskayaw_suspiria, serial_corexii_hall,
          corexii_hall_statues_i, chequers_hall_statues_corner_a
Depths:4: grunt_x_marks_the_spot, layout_gridlike, serial_shops,
          bzr_in_the_mist, pan_entry, pf_vacation_house_of_asmodeus,
          good_gods_temple_1, nemelex_altar_shiori, minmay_shop_grove,
          serial_bayou_shore_b
Zot:1:    layout_basic, st_stairs_5
Zot:2:    layout_misc_corridors, grunt_ministairs_8, st_small_dragon_hoard_5
Zot:3:    layout_onion_interference, st_single_dragon_hoard_2
Zot:4:    nicolae_zot_stationary_front, layout_concentric_octagons
Zot:5:    layout_misc_corridors, st_stairs_10, nicolae_transmutations_shop

Skill      XL: |  1  2  3  4  5  6  7  8  9 10 11 12 13 14 15 16 17 18 19 20 21 22 23 24 25 |
---------------+----------------------------------------------------------------------------+-----
Axes           | 3 5 6 9 10 12 13 15 16 19 21 22 24 | 24.0
Fighting       | 4 5 7 9 10 11 13 15 16 18 19 21 22 23 24 25 26 27 | 27.0
Armour         | 4 5 7 9 10 11 13 15 16 18 19 21 22 23 24 25 26 27 | 27.0
Invocations    | 3 5 7 8 |  8.7
Shields        | 6 9 10 11 13 15 | 15.5
Evocations     | 5 7 8 10 14 17 19 | 19.2
Dodging        | 3 7 9 12 14 | 14.8
Stealth        | 7 11 13 | 13.0

Action                   |  1- 3 |  4- 6 |  7- 9 | 10-12 | 13-15 | 16-18 | 19-21 | 22-24 | 25-27 || total
-------------------------+-------+-------+-------+-------+-------+-------+-------+-------+-------++-------
Melee: War axe           |    44 |   124 |   251 |   417 |  1390 |   267 |   539 |  1456 |   307 ||  4795
       Headbutt          |     8 |    13 |    45 |    80 |   355 |   390 |   549 |   641 |   107 ||  2188
       Flail             |       |       |       |       |    19 |       |       |       |       ||    19
       Whip              |       |       |       |       |     7 |       |       |       |       ||     7
       Broad axe         |       |       |       |       |       |  1097 |  1022 |       |       ||  2119
       Morningstar       |       |       |       |       |       |   176 |   153 |       |       ||   329
       Sacred scourge    |       |       |       |       |       |       |       |   385 |    25 ||   410
       Unarmed           |       |       |       |       |       |       |       |       |     1 ||     1
Throw: Boomerang         |       |       |     3 |    28 |    17 |     5 |    61 |    76 |     3 ||   193
Invok: Heroism           |       |       |     1 |     8 |    15 |     2 |     1 |       |       ||    27
       Finesse           |       |       |       |     1 |     3 |     2 |     3 |     1 |       ||    10
Evoke: Wand              |       |       |       |       |       |    12 |       |       |     2 ||    14
  Use: Potion            |     1 |     1 |       |     1 |     1 |     2 |     2 |     1 |     7 ||    16
       Scroll            |       |       |     9 |     9 |    16 |    11 |     5 |    14 |    10 ||    74
 Stab: Invisible         |     2 |       |       |       |       |       |       |       |       ||     2
       Sleeping          |       |       |       |       |       |       |     2 |    26 |     5 ||    33
       Distracted        |       |       |       |       |       |       |     1 |     4 |     2 ||     7
Armor: Scale mail        |    24 |    19 |       |       |       |       |       |       |       ||    43
       Pearl dragon scal |       |    57 |   102 |   196 |   714 |  1019 |   843 |   925 |   174 ||  4030
       Chain mail        |       |       |       |       |       |   244 |       |       |       ||   244
Dodge: Dodged            |    25 |    53 |    97 |   132 |   300 |   519 |   386 |   700 |   148 ||  2360
Block: Buckler           |     9 |    22 |    58 |    90 |    20 |       |       |       |       ||   199
       Reflection        |       |       |       |     1 |    32 |    83 |    90 |    32 |       ||   238
       Kite shield       |       |       |       |       |   883 |  1235 |   940 |  1180 |   192 ||  4430
